Workbook

Sheet INSTRUCCIONES
B1: ANEXOS DE PAGO
B2: GASTOS, PAGOS, FINANCIACIÓN Y VARIACIONES DE LA OPERACIÓN DE INVERSIÓN
B3: ANEXO 1. DESGLOSE DE GASTOS
B4: Cumplimentar en el Anexo 1 la relación de justificantes de gasto: facturas o documentos con valor probatorio equivalente en el tráfico jurídico mercantil o con eficacia administrativa. - Tipo de actuación: se deberá seleccionar de la lista desplegable uno de los tipos de gasto/inversión subvencionables para operación de inversión. - Nº presupuesto: indicar el número de presupuesto, factura proforma o contrato que se aprobó en la concesión de la ayuda o, en su caso, en una modificación posterior. - Importe presupuesto: indicar el importe (SIN IVA) aprobado o modificado. - Nº factura: indicar la numeración de la factura. - Proveedor / Acreedor: para las facturas indicar el emisor de la factura. - Fecha: recoger el dato de la fecha de emisión de la factura. - Concepto: breve descripción del concepto de la actuación. - Base imponible: indicar valor de la base imponible reflejado en la factura. - % IVA: indicar % IVA que aplica. En caso de que la factura incluya conceptos a los que se les aplique un % de IVA distinto, se deberá desglosar en tantas filas como tipos de IVA que les sea de aplicación. - % IRPF: si aplica, indicar % de IRPF. - Total factura: importe total de la factura, impuestos incluidos - COMPROBACIÓN DE PAGOS: la información de esta parte de la tabla se cumplimenta de forma automática una vez que se haya relleno el Anexo 2. Desglose de pagos
B5: ANEXO 1: Desglose de los justificantes de gasto
B6: ANEXO 2. DESGLOSE DE PAGOS
B7: Cumplimentar la información relativa a los justificantes de pago (Anexo 2). - Nº factur: seleccionar la numeración de la factura recogida en el Anexo 1. Cada pago deberá asociarse de forma inequívoca con la factura o facturas que se pagan. En caso de haber realizado varios pagos para una misma factura, se incluirán tantas filas como pagos. - Fecha pago (fecha valor): se deberá recoger la fecha valor que figure en el justificante de pago, puesto que es el momento en el que se produce una disminución patrimonial del importe en la cuenta del ordenante. - Importe pagado: incluir importe del pago - Tipo de pago: seleccionar valor de la lista desplegable. - Cuenta de pago: código IBAN de la cuenta bancaria desde la que se ha realizado el pago por parte del beneficiario
B8: ANEXO 2: Desglose de pagos
B9: ANEXO 3. FINANCIACIÓN DE LA OPERACIÓN DE INVERSIÓN
B10: Cumplimentar la tabla del 'Anexo 3' con información relativa a las fuentes de financiación de la operación de inversión.
B11: ANEXO 3: Financiación del proyecto
B12: ANEXO 4. VARIACIONES DE LA OPERACIÓN DE INVERSIÓN
... B14: ANEXO 4: Variación del proyecto

Sheet ANEXO 1
A1: DESGLOSE JUSTIFICANTES DE GASTOS
A2: ACCIONES | B2: PRESUPUESTADO | D2: JUSTIFICANTES DE GASTOS | L2: COMPROBACIÓN PAGOS
A3: Tipo de acción | B3: Nº presupuesto | C3: Importe presupuesto | D3: Nº Factura | E3: Proveedor / Acreedor | F3: Fecha Factura | G3: Concepto | H3: Base Imponible | I3: % IVA | J3: % IRPF | K3: Total Factura | L3: Nº Pagos | M3: Importe pagado | N3: Importe justificado
K4: =IF(H4=0,"",H4+(H4*I4)-(H4*J4)) | L4: =IFERROR(IF(COUNTIF('ANEXO 2'!A:A,'ANEXO 1'!D4)=0,"",COUNTIF('ANEXO 2'!A:A,'ANEXO 1'!D4)),"") | M4: =IFERROR((SUMIFS('ANEXO 2'!C:C,'ANEXO 2'!A:A,D4)/ROUND(SUMIFS(K:K,D:D,D4),2))*ROUND(K4,2),"") | N4: =IFERROR(IF(M4="","",ROUND(IF(((M4/K4)*H4)>H4,H4,((M4/K4)*H4)),2)),"")
K5: =IF(H5=0,"",H5+(H5*I5)-(H5*J5)) | L5: =IFERROR(IF(COUNTIF('ANEXO 2'!A:A,'ANEXO 1'!D5)=0,"",COUNTIF('ANEXO 2'!A:A,'ANEXO 1'!D5)),"") | M5: =IFERROR((SUMIFS('ANEXO 2'!C:C,'ANEXO 2'!A:A,D5)/ROUND(SUMIFS(K:K,D:D,D5),2))*ROUND(K5,2),"") | N5: =IFERROR(IF(M5="","",ROUND(IF(M5>H5,H5,((M5/K5)*H5)),2)),"")
K6: =IF(H6=0,"",H6+(H6*I6)-(H6*J6)) | L6: =IFERROR(IF(COUNTIF('ANEXO 2'!A:A,'ANEXO 1'!D6)=0,"",COUNTIF('ANEXO 2'!A:A,'ANEXO 1'!D6)),"") | M6: =IFERROR((SUMIFS('ANEXO 2'!C:C,'ANEXO 2'!A:A,D6)/ROUND(SUMIFS(K:K,D:D,D6),2))*ROUND(K6,2),"") | N6: =IFERROR(IF(M6="","",ROUND(IF(M6>H6,H6,((M6/K6)*H6)),2)),"")
K7: =IF(H7=0,"",H7+(H7*I7)-(H7*J7)) | L7: =IFERROR(IF(COUNTIF('ANEXO 2'!A:A,'ANEXO 1'!D7)=0,"",COUNTIF('ANEXO 2'!A:A,'ANEXO 1'!D7)),"") | M7: =IFERROR((SUMIFS('ANEXO 2'!C:C,'ANEXO 2'!A:A,D7)/ROUND(SUMIFS(K:K,D:D,D7),2))*ROUND(K7,2),"") | N7: =IFERROR(IF(M7="","",ROUND(IF(M7>H7,H7,((M7/K7)*H7)),2)),"")
K8: =IF(H8=0,"",H8+(H8*I8)-(H8*J8)) | L8: =IFERROR(IF(COUNTIF('ANEXO 2'!A:A,'ANEXO 1'!D8)=0,"",COUNTIF('ANEXO 2'!A:A,'ANEXO 1'!D8)),"") | M8: =IFERROR((SUMIFS('ANEXO 2'!C:C,'ANEXO 2'!A:A,D8)/ROUND(SUMIFS(K:K,D:D,D8),2))*ROUND(K8,2),"") | N8: =IFERROR(IF(M8="","",ROUND(IF(M8>H8,H8,((M8/K8)*H8)),2)),"")
K9: =IF(H9=0,"",H9+(H9*I9)-(H9*J9)) | L9: =IFERROR(IF(COUNTIF('ANEXO 2'!A:A,'ANEXO 1'!D9)=0,"",COUNTIF('ANEXO 2'!A:A,'ANEXO 1'!D9)),"") | M9: =IFERROR((SUMIFS('ANEXO 2'!C:C,'ANEXO 2'!A:A,D9)/ROUND(SUMIFS(K:K,D:D,D9),2))*ROUND(K9,2),"") | N9: =IFERROR(IF(M9="","",ROUND(IF(M9>H9,H9,((M9/K9)*H9)),2)),"")
K10: =IF(H10=0,"",H10+(H10*I10)-(H10*J10)) | L10: =IFERROR(IF(COUNTIF('ANEXO 2'!A:A,'ANEXO 1'!D10)=0,"",COUNTIF('ANEXO 2'!A:A,'ANEXO 1'!D10)),"") | M10: =IFERROR((SUMIFS('ANEXO 2'!C:C,'ANEXO 2'!A:A,D10)/ROUND(SUMIFS(K:K,D:D,D10),2))*ROUND(K10,2),"") | N10: =IFERROR(IF(M10="","",ROUND(IF(M10>H10,H10,((M10/K10)*H10)),2)),"")
K11: =IF(H11=0,"",H11+(H11*I11)-(H11*J11)) | L11: =IFERROR(IF(COUNTIF('ANEXO 2'!A:A,'ANEXO 1'!D11)=0,"",COUNTIF('ANEXO 2'!A:A,'ANEXO 1'!D11)),"") | M11: =IFERROR((SUMIFS('ANEXO 2'!C:C,'ANEXO 2'!A:A,D11)/ROUND(SUMIFS(K:K,D:D,D11),2))*ROUND(K11,2),"") | N11: =IFERROR(IF(M11="","",ROUND(IF(M11>H11,H11,((M11/K11)*H11)),2)),"")
K12: =IF(H12=0,"",H12+(H12*I12)-(H12*J12)) | L12: =IFERROR(IF(COUNTIF('ANEXO 2'!A:A,'ANEXO 1'!D12)=0,"",COUNTIF('ANEXO 2'!A:A,'ANEXO 1'!D12)),"") | M12: =IFERROR((SUMIFS('ANEXO 2'!C:C,'ANEXO 2'!A:A,D12)/ROUND(SUMIFS(K:K,D:D,D12),2))*ROUND(K12,2),"") | N12: =IFERROR(IF(M12="","",ROUND(IF(M12>H12,H12,((M12/K12)*H12)),2)),"")
K13: =IF(H13=0,"",H13+(H13*I13)-(H13*J13)) | L13: =IFERROR(IF(COUNTIF('ANEXO 2'!A:A,'ANEXO 1'!D13)=0,"",COUNTIF('ANEXO 2'!A:A,'ANEXO 1'!D13)),"") | M13: =IFERROR((SUMIFS('ANEXO 2'!C:C,'ANEXO 2'!A:A,D13)/ROUND(SUMIFS(K:K,D:D,D13),2))*ROUND(K13,2),"") | N13: =IFERROR(IF(M13="","",ROUND(IF(M13>H13,H13,((M13/K13)*H13)),2)),"")
K14: =IF(H14=0,"",H14+(H14*I14)-(H14*J14)) | L14: =IFERROR(IF(COUNTIF('ANEXO 2'!A:A,'ANEXO 1'!D14)=0,"",COUNTIF('ANEXO 2'!A:A,'ANEXO 1'!D14)),"") | M14: =IFERROR((SUMIFS('ANEXO 2'!C:C,'ANEXO 2'!A:A,D14)/ROUND(SUMIFS(K:K,D:D,D14),2))*ROUND(K14,2),"") | N14: =IFERROR(IF(M14="","",ROUND(IF(M14>H14,H14,((M14/K14)*H14)),2)),"")
K15: =IF(H15=0,"",H15+(H15*I15)-(H15*J15)) | L15: =IFERROR(IF(COUNTIF('ANEXO 2'!A:A,'ANEXO 1'!D15)=0,"",COUNTIF('ANEXO 2'!A:A,'ANEXO 1'!D15)),"") | M15: =IFERROR((SUMIFS('ANEXO 2'!C:C,'ANEXO 2'!A:A,D15)/ROUND(SUMIFS(K:K,D:D,D15),2))*ROUND(K15,2),"") | N15: =IFERROR(IF(M15="","",ROUND(IF(M15>H15,H15,((M15/K15)*H15)),2)),"")
K16: =IF(H16=0,"",H16+(H16*I16)-(H16*J16)) | L16: =IFERROR(IF(COUNTIF('ANEXO 2'!A:A,'ANEXO 1'!D16)=0,"",COUNTIF('ANEXO 2'!A:A,'ANEXO 1'!D16)),"") | M16: =IFERROR((SUMIFS('ANEXO 2'!C:C,'ANEXO 2'!A:A,D16)/ROUND(SUMIFS(K:K,D:D,D16),2))*ROUND(K16,2),"") | N16: =IFERROR(IF(M16="","",ROUND(IF(M16>H16,H16,((M16/K16)*H16)),2)),"")
... K800: =IF(H800=0,"",H800+(H800*I800)-(H800*J800)) | L800: =IFERROR(IF(COUNTIF('ANEXO 2'!A:A,'ANEXO 1'!D800)=0,"",COUNTIF('ANEXO 2'!A:A,'ANEXO 1'!D800)),"") | M800: =IFERROR((SUMIFS('ANEXO 2'!C:C,'ANEXO 2'!A:A,D800)/ROUND(SUMIFS(K:K,D:D,D800),2))*ROUND(K800,2),"") | N800: =IFERROR(IF(M800="","",ROUND(IF(M800>H800,H800,((M800/K800)*H800)),2)),"")

Sheet ANEXO 2
A1: DESGLOSE DE PAGOS
A2: JUSTIFICANTES | B2: PAGOS EFECTUADOS
A3: Nº Factura | B3: Fecha pago (fecha valor) | C3: Importe pagado | D3: Tipo de pago | E3: CUENTA DE PAGO | F3: OBSERVACIONES

Sheet ANEXO 3
B1: FINANCIACION DE LA OPERACIÓN DE INVERSIÓN
B2: A. Financiación propia 1 | G2: =IFERROR(IF(SUM(G3:G7)=0,"",SUM(G3:G7)),"")
C3: A.1. Ampliación de capital
C4: A.2. Reservas
C5: A.3. Resultados de ejercicios anteriores
C6: A.4. Otras aportaciones de socios
C7: A.5. Otros (especificar):
B9: B. Financiación externa privada 2 | G9: =IFERROR(IF(SUM(G10:G11)=0,"",SUM(G10:G11)),"")
C10: B.1. Entidades financieras (especificar):
C11: B.2. Otros recursos ajenos (especificar):
B13: TOTAL OPERACIÓN DE INVERSIÓN EJECUTADOS (A+B) | G13: =IF(G2="",G9,IF(G9="",G2,SUM(G2+G9)))
B15: 1 Se deberá aportar documentación acreditativa de la disponibilidad de fondos propios y, en su caso, última declaración del Impuesto de Sociedades o justificación de la exención del impuesto y última presentación de cuentas anual en el Registro correspondiente.
B16: 2 Se deberá aportar copia de la póliza del crédito, préstamo y/o línea de financiación suscrita.
B18: DESGLOSE DE LA OPERACIÓN DE INVERSIÓN*
B19: TIPO DE ACCIÓN | D19: PRESUPUESTO | E19: GASTO | G19: JUSTIFICADO
B20: A | C20: BIENES INMUEBLES | D20: =SUM(IF('ANEXO 1'!$A$4:$A$1000=$C20,'ANEXO 1'!$C$4:$C$1000)) -> 0 | E20: =SUM(IF('ANEXO 1'!$A$4:$A$1000=$C20,'ANEXO 1'!$H$4:$H$1000)) -> 0 | F20: {=SUM(IF('ANEXO 1'!$A$4:$A$1000=$B20,'ANEXO 1'!$C$4:$C$1000))} -> 0 | G20: {=SUM(IF('ANEXO 1'!$A$4:$A$1000=$C20,'ANEXO 1'!$N$4:$N$1000))} -> 0
C21: OBRA CIVIL | D21: =SUM(IF('ANEXO 1'!$A$4:$A$1000=$C21,'ANEXO 1'!$C$4:$C$1000)) -> 0 | E21: =SUM(IF('ANEXO 1'!$A$4:$A$1000=$C21,'ANEXO 1'!$H$4:$H$1000)) -> 0 | G21: {=SUM(IF('ANEXO 1'!$A$4:$A$1000=$C21,'ANEXO 1'!$N$4:$N$1000))} -> 0
C22: INSTALACIONES | D22: =SUM(IF('ANEXO 1'!$A$4:$A$1000=$C22,'ANEXO 1'!$C$4:$C$1000)) -> 0 | E22: =SUM(IF('ANEXO 1'!$A$4:$A$1000=$C22,'ANEXO 1'!$H$4:$H$1000)) -> 0 | G22: {=SUM(IF('ANEXO 1'!$A$4:$A$1000=$C22,'ANEXO 1'!$N$4:$N$1000))} -> 0
B23: B | C23: MAQUINARIA Y EQUIPOS | D23: =SUM(IF('ANEXO 1'!$A$4:$A$1000=$C23,'ANEXO 1'!$C$4:$C$1000)) -> 0 | E23: =SUM(IF('ANEXO 1'!$A$4:$A$1000=$C23,'ANEXO 1'!$H$4:$H$1000)) -> 0 | G23: {=SUM(IF('ANEXO 1'!$A$4:$A$1000=$C23,'ANEXO 1'!$N$4:$N$1000))} -> 0
B24: C | C24: GASTOS ADMINISTRATIVOS | D24: =SUM(IF('ANEXO 1'!$A$4:$A$1000=$C24,'ANEXO 1'!$C$4:$C$1000)) -> 0 | E24: =SUM(IF('ANEXO 1'!$A$4:$A$1000=$C24,'ANEXO 1'!$H$4:$H$1000)) -> 0 | G24: {=SUM(IF('ANEXO 1'!$A$4:$A$1000=$C24,'ANEXO 1'!$N$4:$N$1000))} -> 0
B25: D | C25: INVERSIONES INTANGIBLES | D25: =SUM(IF('ANEXO 1'!$A$4:$A$1000=$C25,'ANEXO 1'!$C$4:$C$1000)) -> 0 | E25: =SUM(IF('ANEXO 1'!$A$4:$A$1000=$C25,'ANEXO 1'!$H$4:$H$1000)) -> 0 | G25: {=SUM(IF('ANEXO 1'!$A$4:$A$1000=$C25,'ANEXO 1'!$N$4:$N$1000))} -> 0
B26: TOTAL OPERACIÓN DE INVERSIÓN | D26: =SUM(D20:D25) -> 0 | E26: =SUM(E20:E25) -> 0 | F26: =SUM(F20:F25) -> 0 | G26: =SUM(G20:G25) -> 0
B29: *Esta tabla se autocumplimenta con los datos del 'ANEXO 1' y del 'ANEXO 2'

Sheet ANEXO 4
A1: EXPLICACIONES DE LAS DIFERENCIAS ENTRE LA OPERACIÓN DE INVERSIÓN PREVISTO Y EL REALIZADO
A2: DEGLOSE DE LA OPERACIÓN DE INVERSIÓN | C2: PRESUPUESTADO | E2: EJECUTADO | G2: VARIACIONES
A3: TIPO DE ACCIÓN | B3: DESCRIPCIÓN DE LA ACTUACIÓN | C3: UNIDADADES, VOLUMEN, CAPACIDAD, SUPERFICIE, ETC. | D3: IMPORTE PRESUPUESTADO | E3: UNIDADADES, VOLUMEN, CAPACIDAD, SUPERFICIE, ETC. | F3: IMPORTE PAGADO | G3: JUSTIFICACIÓN
